 Dungeon Crawl Stone Soup version 0.27-a0-988-g25969acef8 (webtiles) character file.

Game seed: 2860343455681331768

47 spiderkeys the Skirmisher (level 3, -2/29 HPs)
             Began as a Demonspawn Abyssal Knight on Apr 16, 2021.
             Was a Believer of Lugonu.
             Slain by a gnoll
             ... wielding a +0 halberd
              (6 damage)
             ... on level 2 of the Dungeon.
             The game lasted 00:04:02 (1922 turns).

spiderkeys the Skirmisher (DsAK)                    Turns: 1922, Time: 00:04:02

Health: -2/29      AC: 10    Str:  8    XL:     3   Next: 48%
Magic:  5/5        EV:  0    Int: 13    God:    Lugonu [**....]
Gold:   99         SH:  8    Dex: 12    Spells: 2/2 levels left

rFire    + + .     SeeInvis .   a - +2 spear
rCold    . . .     Faith    .   h - +2 kite shield "Biwosi" {+Inv rPois rF++ Str-5}
rNeg     . . .     Spirit   .   c - +0 chain mail
rPois    +         Reflect  .   (no helmet)
rElec    .         Harm     .   b - +0 cloak
rCorr    .         Rampage  .   (no gloves)
Will     .....                  (no boots)
Stlth    ..........             (no amulet)
HPRegen  0.09/turn              (no ring)
MPRegen  0.09/turn              (no ring)

@: no status effects
A: talons 1, rugged brown scales 1
a: Renounce Religion, Evoke Invisibility, Depart the Abyss, Bend Space


You were on level 2 of the Dungeon.
You worshipped Lugonu.
Lugonu was pleased with you.
You visited 1 branch of the dungeon, and saw 3 of its levels.
You visited the Abyss 1 time.

You collected 99 gold pieces.

Inventory:

Hand Weapons
 a - a +2 spear (weapon)
 f - a +0 halberd
Armour
 b - a +0 cloak (worn)
 c - a +0 chain mail (worn)
 h - the +2 kite shield "Biwosi" (worn) {+Inv rPois rF++ Str-5}
   (You acquired it on level 2 of the Dungeon)

   It affects your strength (-5).
   It greatly protects you from fire.
   It protects you from poison.
   It lets you turn invisible.
Wands
 g - a wand of paralysis (10)
Scrolls
 d - a scroll of fog
Potions
 e - 2 potions of flight
 i - a potion of lignification {unknown}


   Skills:
 + Level 3.2 Fighting
 * Level 2.5 Polearms
 + Level 2.1 Armour
 - Level 1.3 Dodging
 + Level 0.0 Shields
 + Level 3.1 Invocations


You had 2 spell levels left.
You didn't know any spells.
Your spell library contained the following spells:

 Spells                   Type           Power      Damage    Failure   Level
 Animate Skeleton         Necr           0%         N/A       100%        1
 Beastly Appendage        Tmut           0%         N/A       100%        1
 Pain                     Necr           0%         1d4       100%        1
 Wereblood                Tmut           0%         N/A       100%        2
 Spider Form              Tmut/Pois      0%         N/A       100%        3
 Vampiric Draining        Necr           0%         2d6       100%        3
 Animate Dead             Necr           0%         N/A       100%        4
 Ice Form                 Ice/Tmut       0%         N/A       100%        4
 Agony                    Necr           0%         N/A       100%        5
 Hydra Form               Tmut           0%         N/A       100%        5


Dungeon Overview and Level Annotations

Branches:
Dungeon (3/15)

Altars:


Innate Abilities, Weirdness & Mutations

You have sharp toenails.
You are partially covered in rugged brown scales. (AC +1, +3% HP)


Message History

You hit the quokka.
You kill the quokka!
Lugonu accepts your kill.
No target in view!
No target in view!
No target in view!
You see here a quokka corpse.
i - a fuming green potion
Found an escape hatch in the ceiling.
There is an escape hatch in the ceiling here.
The gnoll shouts!
You hear a shout!
A gnoll is nearby!
A gnoll is nearby!
The gnoll shouts!
A worm comes into view.
The gnoll throws a stone.
The stone hits you.
You reach to attack!
You hit the gnoll.
The gnoll is lightly wounded.
You block the gnoll's attack.
The gnoll throws a stone.
The stone hits you. You block the gnoll's attack.
You reach to attack!
Your chain mail prevents you from hitting the gnoll.
The gnoll is lightly wounded.
A gnoll comes into view. It is wielding a +0 club.
The gnoll hits you from afar with a +0 halberd.
You hit the gnoll.
The gnoll is lightly wounded.
You block the gnoll's attack. x2
You hit the gnoll but do no damage. You claw the gnoll.
The gnoll is lightly wounded.
You block the gnoll's attack. The gnoll hits you with a +0 flail.
You hit the gnoll.
The gnoll is moderately wounded.
The gnoll hits you from afar with a +0 halberd!
* * * LOW HITPOINT WARNING * * *
The gnoll hits you with a +0 flail.
* * * LOW HITPOINT WARNING * * *
The gnoll hits you but does no damage.
The gnoll hits you from afar with a +0 halberd.
You die...

######## #......#
#.####.##########
####.##......)##... #
##.##.##....##.##.####.#
###.#......#..##.#g......##
#.......##.#....gg........#
#.##.##......###@#.<..##..
#.##.##.##.#####.#....(#
#.##.....#....<..#........#
#.#####>##########........#
#.#####.# ### ###......#
#.......##..... ##.####
#.............. .#
#.##.##.##..... ..
#.##.##.# ....


You could see 3 gnolls.

Vanquished Creatures
  An adder (D:2)
  2 endoplasms
  2 giant cockroaches (D:1)
  3 hobgoblins
  8 jackals (D:1)
  3 quokkas
  2 ball pythons
  2 bats (D:1)
  3 frilled lizards
  3 goblins
  2 kobolds (D:1)
  2 rats
33 creatures vanquished.

Vanquished Creatures (others)
  4 plants
  4 starspawn tentacles (Abyss:1)
8 creatures vanquished.

Grand Total: 41 creatures vanquished

Notes
Turn   | Place    | Note
-------+----------+-------------------------------------------
     0 | Abyss:1  | spiderkeys the Demonspawn Abyssal Knight began the quest
                  | for the Orb.
     0 | Abyss:1  | Reached XP level 1. HP: 18/18 MP: 2/2
    36 | Abyss:1  | Noticed a sixfirhy
    61 | Abyss:1  | Noticed a large abomination
   103 | Abyss:1  | Noticed an eye of devastation
   126 | Abyss:1  | Noticed a tentacled starspawn
   141 | Abyss:1  | Noticed an ancient zyme
   165 | Abyss:1  | Noticed a large abomination
   214 | Abyss:2  | Noticed a red ugly thing
   215 | Abyss:2  | Noticed a red very ugly thing
   216 | Abyss:2  | Noticed a red very ugly thing
   237 | Abyss:2  | Noticed a smoke demon
   245 | Abyss:2  | Noticed a small abomination
   249 | D:1      | Escaped the Abyss
   418 | D:1      | Reached skill level 1 in Dodging
   497 | D:1      | Gained mutation: You have sharp toenails. [demonic
                  | ancestry]
   497 | D:1      | Reached XP level 2. HP: 24/24 MP: 3/3
   903 | D:1      | Reached ** piety under Lugonu
  1062 | D:2      | HP: 1/24 [gnoll/+0 halberd (3)]
  1067 | D:3      | Gained mutation: You are partially covered in rugged brown
                  | scales. (AC +1, +3% HP) [demonic ancestry]
  1067 | D:3      | Reached XP level 3. HP: 2/29 MP: 5/5
  1816 | D:2      | Identified a scroll of acquirement
  1816 | D:2      | Acquired the +2 kite shield "Biwosi" {+Inv rPois rF++
                  | Str-5}
  1922 | D:2      | Slain by a gnoll

Illustrated notes

Levels and vault maps discovered:
D:1:      tarquinn_simple_flora_water_d, layout_rooms,
          chequers_serial_rivers_micro_a
D:2:      layout_loops_cross, chequers_arboretum, serial_bayou_pond_d,
          minmay_box_of_dots, uniq_crazy_yiuf_cottage
D:3:      minmay_chambers_of_twos, layout_rooms, lemuel_round_altar,
          bloody_makhleb, serial_bayou_pond_b

Skill      XL: |  1  2  3 |
---------------+----------+-----
Dodging        | 1 |  1.3
Polearms       | 2 |  2.5
Armour         | 2 |  2.1
Invocations    | 3 |  3.1
Fighting       | |  3.2

Action                   || total
-------------------------++-------
Melee: Halberd           ||   113
       Kick              ||    15
       Spear             ||    17
  Use: Scroll            ||     7
Armor: Chain mail        ||   112
       Leather armour    ||     2
Dodge: Dodged            ||    55
Block: Kite shield       ||    11

Table legend: (Time is in decaauts)
 A = Elapsed time spent in this place.
 B = Non-inter-level travel time spent in this place.
 C = Inter-level travel time spent in this place.
 D = Time resting spent in this place.
 E = Time spent auto-exploring this place.
 F = Levels seen in this place.
 G = Mean time per level.
                   A        B        C        D        E       F      G
               +--------+--------+--------+--------+--------+-----+--------+
         Total |   1969 |   1964 |      5 |    500 |    963 |   5 |  393.8 |
       Dungeon |   1720 |   1715 |      5 |    500 |    925 |   3 |  573.3 |
         Abyss |    248 |    248 |      0 |      0 |     38 |   2 |  124.0 |
               +--------+--------+--------+--------+--------+-----+--------+

Top non-repeatable levels by time:
     D:1: 812 daAuts
     D:3: 509 daAuts
     D:2: 398 daAuts
 Abyss:1: 173 daAuts
 Abyss:2: 75 daAuts
